Map: [ESL] NeoHumanity

Players

Arrogfire - Winner!

  • Race: Protoss Protoss
  • Spawn Location: 11:00

Rail

  • Race: Protoss Protoss
  • Spawn Location: 5:00

Event: ESL SC2 Masters 2023 Summer (Finals)

VOD

Have the link to the VOD?

Description

Time

  • Played on: June 16, 2023, 6:46 a.m.
  • Length: 12:04

All games in this series

Show
View Real Time Build Order
Export as new Build Order

Arrogfire Protoss - Winner!

Build Orders: Oracle Opening 

Get SALT Encoding   

  12  0:00  Probe  
  13  0:12  Probe  
  14  0:17  Pylon  
  14  0:24  Probe (Chrono Boost)  
  16  0:36  Gateway  
  16  0:37  Probe (Chrono Boost)  
  16  0:42  Probe (Chrono Boost)  
  16  0:46  Assimilator  
  17  0:51  Probe  
  17  0:54  Assimilator  
  18  1:03  Probe (Chrono Boost)  
  19  1:08  Gateway  
  19  1:15  Probe (Chrono Boost)  
  20  1:20  Probe (Chrono Boost)  
  20  1:24  Cybernetics Core  
  21  1:29  Probe  
  22  1:35  Pylon  
  22  1:41  Probe  
  23  1:53  Probe  
  24  2:01  Stargate  
  24  2:02  Warp Gate  
  24  2:07  Stalker  
  26  2:15  Stalker  
  28  2:23  Pylon  
  28  2:41  Oracle (Chrono Boost)  
  30  2:57  Nexus  
  30  3:03  Shield Battery  
  30  3:05  Probe  
  34  3:21  Robotics Facility  
  34  3:25  Shield Battery  
  32  3:29  Probe (Chrono Boost)  
  32  3:40  Probe (Chrono Boost)  
  36  3:45  Probe (Chrono Boost)  
  37  3:49  Pylon  
  37  3:56  Probe  
  38  4:06  Immortal (Chrono Boost)  
  38  4:09  Probe (Chrono Boost)  
  40  4:11  Probe (Chrono Boost)  
  40  4:15  Stalker, Sentry  
  45  4:23  Probe (Chrono Boost)  
  47  4:25  Probe (Chrono Boost)  
  47  4:28  Probe (Chrono Boost)  
  47  4:30  Phoenix  
  48  4:32  Probe  
  48  4:35  Twilight Council  
  48  4:37  Probe  
  50  4:39  Observer  
  50  4:44  Probe  
  50  4:45  Pylon  
  52  4:49  Stalker  
  54  5:03  Probe x2, Stalker  
  58  5:07  Blink (Chrono Boost), Pylon  
  58  5:15  Probe x2  
  58  5:18  Stalker  
  62  5:23  Assimilator  
  62  5:27  Probe x2  
  64  5:36  Nexus  
  64  5:39  Probe  
  64  5:41  Pylon  
  65  5:48  Stalker  
  67  5:51  Stalker  
  67  5:52  Probe  
  70  5:59  Probe  
  70  6:01  Shield Battery  
  71  6:04  Probe  
  71  6:09  Gateway  
  72  6:11  Probe  
  72  6:13  Pylon  
  72  6:16  Probe  
  72  6:17  Stalker  
  76  6:19  Stalker  
  76  6:23  Observer  
  78  6:31  Probe (Chrono Boost)  
  80  6:34  Probe (Chrono Boost), Gateway, Forge  
  80  6:43  Probe (Chrono Boost)  
  82  6:48  Probe (Chrono Boost)  
  82  6:49  Probe (Chrono Boost)  
  82  6:52  Probe (Chrono Boost), Stalker x2  
  82  6:54  Charge  
  88  6:55  Probe, Gateway  
  88  6:58  Probe  
  88  6:59  Protoss Ground Weapons Level 1 (Chrono Boost)  
  88  7:00  Observer  
  90  7:04  Probe  
  90  7:05  Gateway  
  90  7:08  Probe  
  92  7:10  Probe, Stalker  
  92  7:15  Pylon  
  95  7:16  Probe  
  95  7:20  Stalker x2  
  100  7:34  Nexus  
  100  7:36  Pylon  
  102  7:41  Gateway, Stalker  
  102  7:43  Gateway  
  102  7:44  Stalker  
  102  7:45  Probe  
  102  7:46  Probe  
  102  7:48  Stalker  
  108  7:56  Stalker, Photon Cannon  
  108  7:57  Stalker  
  112  7:59  Probe x2  
  112  8:03  Photon Cannon  
  112  8:05  Pylon  
  114  8:08  Pylon  
  113  8:15  Shield Battery  
  113  8:17  Pylon  
  113  8:23  Stalker x4  
  120  8:39  Stalker x4  
  122  8:41  Warp Prism (Chrono Boost)  
  122  8:45  Probe x2  
  122  8:47  Probe x2  
  128  8:57  Probe x2  
  128  8:59  Stalker x2  
  128  9:00  Stalker x2  
  135  9:05  Probe x2  
  135  9:07  Pylon  
  135  9:09  Stalker x3  
  143  9:13  Pylon, Protoss Ground Weapons Level 2 (Chrono Boost)  
  143  9:32  Zealot x8  
  143  9:35  Pylon  
  143  9:36  Pylon  
  159  9:44  Pylon  
  159  9:51  Gateway x2  
  159  9:54  Stalker x5  
  159  9:55  Zealot x2  
  159  9:56  Probe  
  163  10:09  Zealot  
  153  10:15  Probe x2  
  143  10:21  Immortal (Chrono Boost)  
  143  10:23  Zealot x7  
  151  10:31  Stalker  
  151  10:32  Gateway  
  151  10:33  Gateway  
  153  10:36  Photon Cannon  
  153  10:43  Nexus, Stalker x4  
  153  10:46  Zealot x2  
  153  10:49  Zealot x2  
  163  11:01  Stalker x4  
  171  11:04  Pylon  
  171  11:08  Zealot x6  
  181  11:13  Pylon  
  181  11:14  Probe x3  
  184  11:27  Stalker x3  
  184  11:28  Stalker x2  
  184  11:29  Probe x2  
  184  11:30  Zealot x3  
  180  11:34  Zealot x3  
  156  11:48  Stalker  
  156  11:52  Stalker  
  156  11:53  Zealot x7  
  153  12:03  Stalker x2  
  153  12:04  Zealot  
Show
View Real Time Build Order
Export as new Build Order

Rail Protoss 

Build Orders:  

Get SALT Encoding   

  12  0:00  Probe  
  13  0:12  Probe  
  14  0:17  Pylon  
  14  0:24  Probe (Chrono Boost)  
  15  0:36  Probe (Chrono Boost)  
  15  0:37  Gateway  
  16  0:44  Probe (Chrono Boost)  
  16  0:45  Assimilator  
  17  0:51  Probe  
  18  1:03  Probe (Chrono Boost)  
  19  1:04  Assimilator  
  19  1:09  Gateway  
  20  1:12  Probe (Chrono Boost)  
  20  1:17  Probe (Chrono Boost)  
  20  1:24  Cybernetics Core  
  21  1:29  Probe  
  22  1:33  Pylon  
  22  1:41  Probe  
  23  1:53  Probe  
  24  2:00  Warp Gate, Stalker x2  
  28  2:09  Pylon  
  28  2:16  Shield Battery  
  28  2:30  Stalker x2  
  32  2:40  Robotics Facility  
  32  3:00  Pylon, Stalker (Chrono Boost)  
  32  3:01  Sentry (Chrono Boost)  
  36  3:09  Shield Battery  
  36  3:28  Nexus  
  36  3:33  Pylon  
  35  3:34  Probe  
  35  3:46  Probe  
  36  3:49  Stalker  
  36  3:50  Stalker  
  40  3:56  Twilight Council  
  40  3:58  Probe  
  40  4:11  Probe  
  40  4:12  Stalker  
  43  4:23  Probe  
  44  4:26  Blink (Chrono Boost)  
  44  4:27  Stalker  
  46  4:35  Probe  
  46  4:38  Stalker  
  49  4:45  Probe  
  50  4:47  Probe  
  50  4:50  Sentry  
  53  4:54  Shield Battery  
  53  4:57  Probe  
  53  4:59  Probe  
  55  5:01  Sentry  
  57  5:09  Probe  
  57  5:11  Probe  
  57  5:13  Stalker  
  61  5:21  Probe (Chrono Boost)  
  62  5:27  Stalker  
  65  5:28  Probe (Chrono Boost)  
  65  5:30  Pylon  
  65  5:32  Probe (Chrono Boost)  
  67  5:36  Robotics Facility  
  67  5:37  Probe (Chrono Boost)  
  67  5:38  Probe (Chrono Boost)  
  68  5:43  Stalker  
  68  5:48  Probe  
  71  5:59  Nexus  
  71  6:02  Pylon  
  71  6:04  Probe  
  72  6:08  Probe, Assimilator  
  73  6:14  Gateway  
  73  6:19  Gateway  
  73  6:21  Probe  
  73  6:22  Probe  
  75  6:27  Observer (Chrono Boost)  
  75  6:28  Stalker  
  75  6:31  Stalker  
  80  6:36  Probe, Pylon  
  81  6:41  Shield Battery  
  81  6:44  Probe  
  82  6:49  Immortal (Chrono Boost)  
  86  6:58  Probe  
  87  7:02  Stalker  
  87  7:03  Probe (Chrono Boost), Adept  
  87  7:06  Pylon  
  92  7:14  Probe x2 (Chrono Boost)  
  95  7:15  Probe (Chrono Boost)  
  97  7:23  Immortal  
  97  7:24  Probe x2 (Chrono Boost)  
  97  7:26  Probe (Chrono Boost)  
  97  7:29  Probe x2 (Chrono Boost)  
  102  7:34  Probe  
  105  7:40  Nexus, Probe, Observer  
  105  7:41  Probe  
  105  7:42  Sentry  
  105  7:43  Stalker  
  111  7:49  Stalker  
  111  7:51  Stalker  
  115  7:56  Pylon  
  115  7:58  Forge  
  115  8:02  Observer (Chrono Boost)  
  116  8:07  Pylon  
  116  8:08  Probe  
  117  8:14  Stalker x3  
  117  8:18  Stalker  
  125  8:25  Probe x2  
  127  8:27  Gateway  
  127  8:28  Probe  
  127  8:29  Gateway  
  127  8:31  Protoss Ground Weapons Level 1 (Chrono Boost)  
  126  8:39  Stalker  
  126  8:40  Stalker x2  
  132  8:42  Photon Cannon  
  132  8:43  Photon Cannon  
  132  8:46  Pylon  
  132  8:47  Photon Cannon  
  132  8:51  Stalker  
  130  9:00  Warp Prism  
  131  9:04  Probe  
  131  9:06  Stalker x2, Photon Cannon  
  131  9:08  Adept  
  138  9:16  Gateway  
  138  9:18  Gateway  
  138  9:19  Adept  
  138  9:21  Adept  
  142  9:33  Stalker x3  
  142  9:34  Stalker  
  150  9:39  Pylon  
  150  9:40  Pylon x2  
  150  9:42  Pylon  
  150  9:43  Adept  
  152  9:49  Stalker  
  154  9:56  Adept  
  154  9:57  Stalker x2  
  144  10:14  Stalker x4  
  144  10:15  Zealot  
  144  10:16  Probe  
  133  10:27  Adept  
  133  10:28  Adept, Zealot  
  133  10:31  Probe  
  133  10:35  Probe x2  
  136  10:36  Probe  
  136  10:39  Shield Battery  
  136  10:40  Zealot x5  
  147  10:43  Assimilator  
  147  10:47  Assimilator  
  147  10:48  Zealot x3  
  153  10:52  Pylon  
  153  11:01  Adept x5  
  163  11:10  Zealot x3  
  169  11:11  Immortal  
  169  11:14  Photon Cannon  
  173  11:19  Shield Battery  
  173  11:21  Adept x2  
  173  11:22  Zealot x2  
  181  11:30  Zealot  
  181  11:31  Zealot x2, Stalker  
  135  11:42  Zealot x3, Stalker  
  119  11:50  Zealot  
  119  11:51  Zealot x2  
Tags
 
Add a new tag
Caveats
  • Supply blocks, unpowered buildings, or Contaminate may cause inaccurate times.
  • Supply counts are checked every 10 seconds.